AoeStats
← LittleCaesar

Arabia

510047695Analyzed
1v1 RM · 2d ago on Sep 29, 2026· 23m 57s· 2 players
Game mode
Random Map
Map size
Tiny (2 player)
Population
200
Speed
Normal
Resources
Standard
Victory
Conquest
Starting age
Dark Age
Ending age
Imperial Age
RankedLock teamsTeams togetherTeam positionsShared explorationLock speedFull tech treeHidden civsTurbo modeCheats
Victory
Defeat
🇲🇽 Byzantines · Mexico
1302
+17
🇦🇺 Cumans · Australia
1325
-17
[LCQL]Wlkr
7:31 Loom
9:46 Feudal Age
9:57 Man-at-Arms
12:55 Double-Bit Axe
19:51 Fletching
23:58 Padded Archer Armor
LittleCaesar
7:55 Loom
10:33 Feudal Age
9:47 Loom
12:48 Double-Bit Axe
Connection lost

Rejoining the realm…

Still unreachable

The connection could not be restored.

Session expired

The server has moved on; the page needs a fresh start.